SAA
SALEM MISFITS @ LITTLE CAESARS HOT N READYS
07/20/2025
 
TOP OF THE 1ST
Salem Misfits batting - Pitching for Little Caesars Hot N Readys : RHP Sam Groves
Pitching: RHP Sam Groves
Batting: RHB Santiago Mosca 0-0: Ground out 1-3 (Groundball, 13)
Batting: LHB Brent van Schoonhoven 0-0: Ball
1-0: Foul Ball, location: 2F
1-1: Ground out 4-3 (Groundball, 4S)
Batting: LHB Jim Unknown 0-0: Ball
1-0: DOUBLE (Flyball, 8LXD)
Batting: LHB David Breitling 0-0: Foul Ball, location: 2F
0-1: Ball
1-1: Foul Ball, location: 2F
1-2: Strikes out swinging
Top of the 1st over - 0 run(s), 1 hit(s), 0 error(s), 1 left on base; Salem 0 - Little Caesars 0
BOTTOM OF THE 1ST
Little Caesars Hot N Readys batting - Pitching for Salem Misfits : LHP Jorge Cedeño
Pitching: LHP Jorge Cedeño
Batting: RHB George St. Clair 0-0: Ball
1-0: Ground out 5-3 (Groundball, 56)
Batting: RHB Bartolo Benítez 0-0: Foul Ball, location: 2F
0-1: Ball
1-1: Ball
2-1: Ball
3-1: SINGLE (Flyball, 8RS)
Batting: RHB Keith Burnett 0-0: Ball
1-0: Ball
2-0: Called Strike
2-1: Swinging Strike
2-2: Strikes out swinging
Batting: SHB Valentín Guzmán 0-0: Called Strike
Bartolo Benítez is caught stealing 2nd base
Bottom of the 1st over - 0 run(s), 1 hit(s), 0 error(s), 0 left on base; Salem 0 - Little Caesars 0
TOP OF THE 2ND
Salem Misfits batting - Pitching for Little Caesars Hot N Readys : RHP Sam Groves
Batting: SHB Salvador Trevino 0-0: Fly out, F7 (Flyball, 7LMF)
Batting: RHB Gonzalo Ángel 0-0: Ball
1-0: Ground out 6-3 (Groundball, 56)
Batting: LHB Jorge García 0-0: Ball
1-0: Called Strike
1-1: Foul Ball, location: 2F
1-2: Ball
2-2: Foul Ball, location: 2F
2-2: Foul Ball, location: 2F
2-2: Foul Ball, location: 2F
2-2: Ball
3-2: Foul Ball, location: 2F
3-2: Foul Ball, location: 2F
3-2: Foul Ball, location: 2F
3-2: Ground out 4-3 (Groundball, 4)
Top of the 2nd over - 0 run(s), 0 hit(s), 0 error(s), 0 left on base; Salem 0 - Little Caesars 0
BOTTOM OF THE 2ND
Little Caesars Hot N Readys batting - Pitching for Salem Misfits : LHP Jorge Cedeño
Batting: SHB Valentín Guzmán 0-0: Foul Ball, location: 2F
0-1: Ball
1-1: Swinging Strike
1-2: Foul Ball, location: 2F
1-2: Fly out, F8 (Flyball, 8RM)
Batting: RHB Mo Zhou 0-0: Ball
1-0: Called Strike
1-1: Foul Ball, location: 2F
1-2: Strikes out looking
Batting: LHB Jason Potter 0-0: Ball
1-0: Ball
2-0: Ground out U3 (Groundball, 23)
Bottom of the 2nd over - 0 run(s), 0 hit(s), 0 error(s), 0 left on base; Salem 0 - Little Caesars 0
TOP OF THE 3RD
Salem Misfits batting - Pitching for Little Caesars Hot N Readys : RHP Sam Groves
Batting: RHB Ramón Ávila 0-0: Called Strike
0-1: Ball
1-1: Swinging Strike
1-2: Ball
2-2: Foul Ball, location: 2F
2-2: SINGLE (Line Drive, 4D)
Batting: RHB Jim Unknown 0-0: Called Strike
0-1: Called Strike
0-2: Ball
1-2: Foul Ball, location: 2F
1-2: Foul Ball, location: 2F
1-2: Ball
2-2: Grounds into double play, 5-4-3 (Groundball, 56)
Batting: RHB Santiago Mosca 0-0: Ball
1-0: Ball
2-0: Ball
3-0: Called Strike
3-1: Swinging Strike
3-2: Strikes out swinging
Top of the 3rd over - 0 run(s), 1 hit(s), 0 error(s), 0 left on base; Salem 0 - Little Caesars 0
BOTTOM OF THE 3RD
Little Caesars Hot N Readys batting - Pitching for Salem Misfits : LHP Jorge Cedeño
Batting: RHB Mike Taylor 0-0: Called Strike
0-1: Fly out, F4 (Flyball, 4D)
Batting: LHB Sisto Pagnamenta 0-0: Ball
1-0: Foul Ball, location: 2F
1-1: Ground out 4-3 (Groundball, 4)
Batting: RHB Luis Aragón 0-0: Ball
1-0: Ball
2-0: Foul Ball, location: 2F
2-1: Swinging Strike
2-2: Foul Ball, location: 2F
2-2: Strikes out looking
Bottom of the 3rd over - 0 run(s), 0 hit(s), 0 error(s), 0 left on base; Salem 0 - Little Caesars 0
TOP OF THE 4TH
Salem Misfits batting - Pitching for Little Caesars Hot N Readys : RHP Sam Groves
Batting: LHB Brent van Schoonhoven 0-0: Ball
1-0: Swinging Strike
1-1: Swinging Strike
1-2: Strikes out swinging
Batting: LHB Jim Unknown 0-0: Ball
1-0: Ball
2-0: Fly out, F6 (Popup, 56D)
Batting: LHB David Breitling 0-0: Called Strike
0-1: Called Strike
0-2: SINGLE (Groundball, 4S) (infield hit)
Batting: SHB Salvador Trevino 0-0: Ball
1-0: Foul Ball, location: 2F
1-1: Called Strike
1-2: Foul Ball, location: 2F
1-2: Ball
2-2: Fly out, F7 (Flyball, 7LM)
Top of the 4th over - 0 run(s), 1 hit(s), 0 error(s), 1 left on base; Salem 0 - Little Caesars 0
BOTTOM OF THE 4TH
Little Caesars Hot N Readys batting - Pitching for Salem Misfits : LHP Jorge Cedeño
Batting: RHB George St. Clair 0-0: Called Strike
0-1: Foul Ball, location: 2F
0-2: Ground out 4-3 (Groundball, 4)
Batting: RHB Bartolo Benítez 0-0: Ball
1-0: Called Strike
1-1: Ball
2-1: Ball
3-1: Base on Balls
Batting: RHB Keith Burnett 0-0: Ball
Pickoff Throw to First - Out!
1-0: Called Strike
1-1: Ball
2-1: Ground out 6-3 (Groundball, 6)
Bottom of the 4th over - 0 run(s), 0 hit(s), 0 error(s), 0 left on base; Salem 0 - Little Caesars 0
TOP OF THE 5TH
Salem Misfits batting - Pitching for Little Caesars Hot N Readys : RHP Sam Groves
Batting: RHB Gonzalo Ángel 0-0: Called Strike
0-1: Foul Ball, location: 2F
0-2: Ball
1-2: Strikes out swinging
Batting: LHB Jorge García 0-0: Swinging Strike
0-1: Ball
1-1: Reached on error, E4 (Groundball, 4)
Batting: RHB Ramón Ávila 0-0: Ball
1-0: Ball
2-0: Ball
3-0: Called Strike
3-1: Foul Ball, location: 2F
3-2: Base on Balls
Jorge García to second
Batting: RHB Jim Unknown 0-0: Ball
1-0: Grounds into double play, 6-4-3 (Groundball, 6)
Top of the 5th over - 0 run(s), 0 hit(s), 1 error(s), 1 left on base; Salem 0 - Little Caesars 0
BOTTOM OF THE 5TH
Little Caesars Hot N Readys batting - Pitching for Salem Misfits : LHP Jorge Cedeño
Batting: SHB Valentín Guzmán 0-0: Ball
1-0: Ball
2-0: Called Strike
2-1: Ground out 6-3 (Groundball, 6)
Batting: RHB Mo Zhou 0-0: Called Strike
0-1: Foul Ball, location: 2F
0-2: Ball
1-2: Foul Ball, location: 2F
1-2: Foul Ball, location: 2F
1-2: Fly out, F9 (Flyball, 9S)
Batting: LHB Jason Potter 0-0: Called Strike
0-1: Fly out, F6 (Popup, 56D)
Bottom of the 5th over - 0 run(s), 0 hit(s), 0 error(s), 0 left on base; Salem 0 - Little Caesars 0
TOP OF THE 6TH
Salem Misfits batting - Pitching for Little Caesars Hot N Readys : RHP Sam Groves
Batting: RHB Santiago Mosca 0-0: Ground out 6-3 (Groundball, 6MS)
Batting: LHB Brent van Schoonhoven 0-0: Foul Ball, location: 2F
0-1: Ball
1-1: Ball
2-1: Called Strike
2-2: SINGLE (Flyball, 78S)
Batting: LHB Jim Unknown 0-0: Ball
1-0: Ball
2-0: Swinging Strike
2-1: Foul Ball, location: 2F
2-2: Ball
3-2: Strikes out swinging
Batting: LHB David Breitling 0-0: Ball
1-0: Single, Error in OF, E7, batter to second base
Brent van Schoonhoven to third
Batting: SHB Salvador Trevino 0-0: Intentional Walk
Batting: RHB Gonzalo Ángel 0-0: Swinging Strike
0-1: Ball
1-1: SINGLE (Groundball, 4MD)
Brent van Schoonhoven scores
David Breitling to third
Salvador Trevino to second
Runner from 3rd tries for Home, SAFE, no throw
Batting: LHB Jorge García 0-0: Ball
1-0: Called Strike
1-1: Ball
2-1: Called Strike
2-2: Strikes out looking
Top of the 6th over - 2 run(s), 3 hit(s), 1 error(s), 2 left on base; Salem 2 - Little Caesars 0
BOTTOM OF THE 6TH
Little Caesars Hot N Readys batting - Pitching for Salem Misfits : LHP Jorge Cedeño
Batting: RHB Mike Taylor 0-0: SINGLE (Flyball, 78S)
Batting: LHB Sisto Pagnamenta 0-0: Called Strike
0-1: Ball
1-1: Called Strike
1-2: Ball
2-2: Foul Ball, location: 2F
2-2: Foul Ball, location: 2F
2-2: SINGLE (Line Drive, 8RS)
Mike Taylor to second
Batting: RHB Luis Aragón 0-0: Ball
1-0: Bunted foul
1-1: Bunted foul
1-2: Fly out, F8 (Flyball, 8LD)
Runner from 2nd tags up, SAFE at 3rd, no throw
Batting: RHB George St. Clair 0-0: Called Strike
0-1: Ball
1-1: Ball
2-1: Ball
3-1: Base on Balls
Sisto Pagnamenta to second
Batting: RHB Bartolo Benítez 0-0: Ball
1-0: Fly out, F8 (Line Drive, 8RM)
Runner from 3rd tags up, OUT at HOME
Bottom of the 6th over - 0 run(s), 2 hit(s), 0 error(s), 2 left on base; Salem 2 - Little Caesars 0
TOP OF THE 7TH
Salem Misfits batting - Pitching for Little Caesars Hot N Readys : RHP Sam Groves
Batting: RHB Ramón Ávila 0-0: Swinging Strike
0-1: Ball
1-1: Ball
2-1: Ball
3-1: Base on Balls
Batting: RHB Jim Unknown 0-0: Bunted foul
0-1: Bunt missed!
0-2: Ball
1-2: Ball
2-2: Ball
3-2: Base on Balls
Ramón Ávila to second
Batting: RHB Santiago Mosca 0-0: Sac Bunt - play at first, batter OUT! 1-3
Ramón Ávila to third
Jim Unknown to second
Batting: LHB Brent van Schoonhoven 0-0: Called Strike
0-1: Fly out, F9 (Flyball, 89D)
Runner from 3rd tags up, SCORES, no throw
Batting: LHB Jim Unknown 0-0: Swinging Strike
0-1: Foul Ball, location: 2F
0-2: Foul Ball, location: 2F
0-2: DOUBLE (Line Drive, 89D)
Jim Unknown scores
Pitching: RHP Pedro Luna
Batting: LHB David Breitling 0-0: Fly out, F5 (Line Drive, 5)
Top of the 7th over - 2 run(s), 1 hit(s), 0 error(s), 1 left on base; Salem 4 - Little Caesars 0
BOTTOM OF THE 7TH
Little Caesars Hot N Readys batting - Pitching for Salem Misfits : LHP Jorge Cedeño
Batting: RHB Keith Burnett 0-0: Foul Ball, location: 2F
0-1: Ball
1-1: Foul Ball, location: 2F
1-2: Ball
2-2: Ball
3-2: Foul Ball, location: 2F
3-2: Foul Ball, location: 2F
3-2: Fly out, F8 (Flyball, 8RS)
Batting: SHB Valentín Guzmán 0-0: Called Strike
0-1: Ground out 6-3 (Groundball, 6)
Batting: RHB Mo Zhou 0-0: Ball
1-0: Ball
2-0: SINGLE (Flyball, 4MD)
Batting: LHB Jason Potter 0-0: Called Strike
0-1: Fly out, F8 (Flyball, 8LM)
Bottom of the 7th over - 0 run(s), 1 hit(s), 0 error(s), 1 left on base; Salem 4 - Little Caesars 0
TOP OF THE 8TH
Salem Misfits batting - Pitching for Little Caesars Hot N Readys : RHP Pedro Luna
Batting: SHB Salvador Trevino 0-0: Ball
1-0: Foul Ball, location: 2F
1-1: Swinging Strike
1-2: Strikes out swinging
Batting: RHB Gonzalo Ángel 0-0: Swinging Strike
0-1: Called Strike
0-2: Strikes out swinging
Batting: LHB Jorge García 0-0: Called Strike
0-1: Foul Ball, location: 2F
0-2: Fly out, F8 (Line Drive, 8LS)
Top of the 8th over - 0 run(s), 0 hit(s), 0 error(s), 0 left on base; Salem 4 - Little Caesars 0
BOTTOM OF THE 8TH
Little Caesars Hot N Readys batting - Pitching for Salem Misfits : LHP Jorge Cedeño
Batting: RHB Mike Taylor 0-0: Foul Ball, location: 2F
0-1: Fly out, F8 (Line Drive, 8LD)
Batting: LHB Sisto Pagnamenta 0-0: Ball
1-0: Called Strike
1-1: Ball
2-1: Called Strike
2-2: SINGLE (Line Drive, 4MD)
Batting: RHB Luis Aragón 0-0: Called Strike
0-1: Ball
1-1: Ball
2-1: Ball
3-1: Called Strike
3-2: Base on Balls
Sisto Pagnamenta to second
Batting: RHB George St. Clair 0-0: Ball
1-0: Called Strike
1-1: Ball
2-1: Foul Ball, location: 2F
2-2: Ball
3-2: Base on Balls
Sisto Pagnamenta to third
Luis Aragón to second
Pitching: RHP Rodrigo Torres
Batting: RHB Bartolo Benítez 0-0: Called Strike
0-1: Ball
1-1: Ground out U3 (Groundball, 34S)
Sisto Pagnamenta scores
Luis Aragón to third
George St. Clair to second
Pitching: RHP Zach Wells
Batting: RHB Keith Burnett 0-0: SINGLE (Groundball, 56D)
Luis Aragón scores
George St. Clair to third
Runner from 3rd tries for Home, throw and OUT!
Bottom of the 8th over - 2 run(s), 2 hit(s), 0 error(s), 1 left on base; Salem 4 - Little Caesars 2
TOP OF THE 9TH
Salem Misfits batting - Pitching for Little Caesars Hot N Readys : RHP Pedro Luna
Batting: RHB Ramón Ávila 0-0: Called Strike
0-1: Ball
1-1: Ball
2-1: Ball
3-1: Called Strike
3-2: Foul Ball, location: 2F
3-2: Foul Ball, location: 2F
3-2: Ground out 5-3 (Groundball, 5)
Batting: RHB Jim Unknown 0-0: Swinging Strike
0-1: Ball
1-1: Called Strike
1-2: Strikes out swinging
Batting: RHB Santiago Mosca 0-0: Called Strike
0-1: Ball
1-1: Ground out 3-1 (Groundball, 2R)
Top of the 9th over - 0 run(s), 0 hit(s), 0 error(s), 0 left on base; Salem 4 - Little Caesars 2
BOTTOM OF THE 9TH
Little Caesars Hot N Readys batting - Pitching for Salem Misfits : RHP Zach Wells
Pitching: RHP Biff Tannen
Batting: SHB Valentín Guzmán 0-0: Swinging Strike
0-1: Ball
1-1: SINGLE (Groundball, 34S) (infield hit)
Pinch Hitting: LHB David Hunt 0-0: Ball
1-0: Called Strike
1-1: Foul Ball, location: 2F
1-2: Ball
2-2: Foul Ball, location: 2F
2-2: Foul Ball, location: 2F
2-2: Foul Ball, location: 2F
2-2: Foul Ball, location: 2F
2-2: Fly out, F7 (Flyball, 7)
Batting: LHB Jason Potter 0-0: Swinging Strike
0-1: Foul Ball, location: 2F
0-2: Ball
1-2: SINGLE (Line Drive, 8RS)
Valentín Guzmán to second
Batting: RHB Mike Taylor 0-0: Ball
1-0: Ball
2-0: Foul Ball, location: 2F
2-1: Foul Ball, location: 2F
2-2: Ball
3-2: Grounds into double play, 4-6-3 (Groundball, 4)
Bottom of the 9th over - 0 run(s), 2 hit(s), 0 error(s), 1 left on base; Salem 4 - Little Caesars 2
Friday, December 30th, 2016 - OOTP Baseball 17.12 Build 75